 Dungeon Crawl Stone Soup version 0.29.1-1-gd02db6906a (webtiles) character file.

Game seed: 9319478521171676708

12 Godmorgon the Gusty (level 2, 0/15 HPs)
             Began as a Tengu Air Elementalist on Oct 15, 2022.
             Killed from afar by a dart slug (2 damage)
             ... with a slug dart
             ... on level 1 of the Dungeon.
             The game lasted 00:01:20 (512 turns).

Godmorgon the Gusty (Tengu Air Elementalist)         Turns: 512, Time: 00:01:21

Health: 0/15       AC:  2    Str:  8    XL:     2   Next: 33%
Magic:  0/6        EV: 12    Int: 15    God:
Gold:   13         SH:  0    Dex: 14    Spells: 2/5 levels left

rFire   . . .      SeeInvis .   (no weapon)
rCold   . . .      Faith    .   (no shield)
rNeg    . . .      Spirit   .   a - +0 robe
rPois   .          Reflect  .   (helmet restricted)
rElec   .          Harm     .   (no cloak)
rCorr   .          Rampage  .   (no gloves)
Will    .....                   (boots unavailable)
Stlth   ++........              (no amulet)
HPRegen 0.05/turn               (no ring)
MPRegen 0.10/turn               (no ring)

@: no status effects
A: beak, talons 3
a: no special abilities


You were on level 1 of the Dungeon.
You visited 1 branch of the dungeon, and saw 1 of its levels.

You collected 13 gold pieces.

Inventory:

Armour
 a - a +0 robe (worn)
Scrolls
 c - a scroll of amnesia {unknown}
 d - a scroll of identify {unknown}
Potions
 b - a potion of magic


   Skills:
 - Level 2.1 Dodging
 - Level 2.0 Stealth
 + Level 2.2 Spellcasting
 + Level 1.9 Conjurations
 * Level 4.5 Air Magic


You had 2 spell levels left.
You knew the following spells:

 Your Spells              Type           Power      Damage    Failure   Level
d - Static Discharge      Conj/Air       11%        3-5/arc   9%          2
s - Shock                 Conj/Air       44%        1d5       6%          1

Your spell library contained the following spells:

 Spells                   Type           Power      Damage    Failure   Level
 Swiftness                Air            15%        N/A       11%         3
 Airstrike                Air            7%         2d(2-18)  34%         4


Dungeon Overview and Level Annotations

Branches:
Dungeon (1/15)

Altars:


Innate Abilities, Weirdness & Mutations

You have a beak for a mouth.
You have claws for feet.


Message History

A hobgoblin comes into view.
The hobgoblin shouts!
The hobgoblin closely misses you.
Casting: Shock (safe; 6% risk of failure)
Confirm with . or Enter, or press ? or * to list all spells.
The hobgoblin is struck by an arc of lightning.
The hobgoblin is almost dead.
You are struck by an arc of lightning.
The hobgoblin is struck by an arc of lightning.
You kill the hobgoblin!
You are struck by an arc of lightning.
The lightning grounds out.
You see here a hobgoblin corpse.
A rat and a dart slug come into view.
The dart slug launches a dart at you. The slug dart hits you.
Found a scroll labelled XEOXAL OBBOSYD.
Found a roughly hewn altar of Beogh.
Casting: Static Discharge (safe; 9% risk of failure)
Confirm with . or Enter, or press ? or * to list all spells.
The dart slug is struck by an arc of lightning.
The dart slug is almost dead.
You are struck by an arc of lightning.
The lightning grounds out.
The dart slug bites you but does no damage.
Casting: Static Discharge (safe; 9% risk of failure)
Confirm with . or Enter, or press ? or * to list all spells.
The dart slug is struck by an arc of lightning.
You kill the dart slug!
You are struck by an arc of lightning.
Casting: Static Discharge (safe; 9% risk of failure)
Confirm with . or Enter, or press ? or * to list all spells.
The rat is struck by an arc of lightning.
You kill the rat!
You are struck by an arc of lightning.
The dart slug launches a dart at you. The slug dart hits you.
* * * LOW HITPOINT WARNING * * *
The dart slug launches a dart at you. The slug dart misses you.
The dart slug launches a dart at you. The slug dart hits you.
You die...

..... ..# #.. ..# #....
.>.#.# ..# #.####.##.....
.........####.#....#....?.
..... #........#.........
#.#.. #.####...#...?..#≈#
.##.#..##.##..)...⌠.....≈_≈
..........##.##..#.†....#≈#
####...#.##.##.....w......
#...#.....@.....#......
#...####.###....# .....
#####...####.# #....# ....
#............# #....# #+#
.............# #..###
#...........## #...
#####...##### #.### #...#
#.# ##...## #####


You could see a dart slug.

Vanquished Creatures
  A dart slug (D:1)
  A ball python (D:1)
  An endoplasm (D:1)
  3 hobgoblins (D:1)
  A kobold (D:1)
  A frilled lizard (D:1)
  A rat (D:1)
9 creatures vanquished.

Notes
Turn   | Place    | Note
-------+----------+-------------------------------------------
     0 | D:1      | Godmorgon the Tengu Air Elementalist began the quest for
                  | the Orb.
     0 | D:1      | Reached XP level 1. HP: 10/10 MP: 4/4
   311 | D:1      | Reached XP level 2. HP: 12/15 MP: 0/6
   314 | D:1      | Learned a level 2 spell: Static Discharge
   512 | D:1      | Killed from afar by a dart slug

Illustrated notes

Levels and vault maps discovered:
D:1:      sevenhm_arrival_forest_fort_small_4, layout_loops_cross,
          hellmonk_ecumenical_altar_defaced_shrine

Action                   || total
-------------------------++-------
 Cast: Shock             ||    15
       Static Discharge  ||     4
Armor: Robe              ||     1
Dodge: Dodged            ||     3
